 Dungeon Crawl Stone Soup version 0.28.0-53-g5a82cb258f (webtiles) character file.

Game seed: 5468475846774559765

1427 trentariffic the Cleaver (level 8, -3/62 HPs)
             Began as a Hill Orc Fighter on Aug 15, 2022.
             Slain by a killer bee (6 damage)
             ... on level 7 of the Dungeon.
             The game lasted 00:33:37 (6708 turns).

trentariffic the Cleaver (Hill Orc Fighter)         Turns: 6708, Time: 00:33:38

Health: -3/62      AC: 11    Str: 21    XL:     8   Next: 72%
Magic:  18/18      EV:  8    Int:  8    God:
Gold:   271        SH:  4    Dex: 10    Spells: 5/9 levels left

rFire   . . .      SeeInvis .   f - +0 morningstar
rCold   . . .      Faith    .   c - +0 buckler
rNeg    . . .      Spirit   .   g - +0 chain mail
rPois   .          Reflect  .   (no helmet)
rElec   .          Harm     .   (no cloak)
rCorr   .          Rampage  .   (no gloves)
Will    .....                   d - +0 pair of boots
Stlth   ..........              u - amulet of magic regeneration
HPRegen 0.20/turn               y - ring of magical power
MPRegen 0.56/turn               (no ring)

@: lethally poisoned (-3 -> -12)
A: frail 1
a: no special abilities


You were on level 7 of the Dungeon.
You visited 1 branch of the dungeon, and saw 7 of its levels.

You collected 271 gold pieces.

Inventory:

Hand Weapons
 a - a +0 war axe {WOW ITS STRONG}
 f - a +0 morningstar (weapon)
 l - a +0 war axe {p}
 p - a +0 halberd
 s - a +0 rapier
 x - a +0 club
Missiles
 i - 104 bolts
Armour
 b - a +0 scale mail
 c - a +0 buckler (worn)
 d - a +0 pair of boots (worn)
 g - a +0 chain mail (worn)
 n - a +0 ring mail
 t - a +0 leather armour
Jewellery
 u - an amulet of magic regeneration (around neck)
 y - a ring of magical power (left hand)
Wands
 o - a wand of mindburst (2)
Scrolls
 k - 6 scrolls of identify
 q - a scroll of blinking {unknown}
 r - a scroll of fog {unknown}
 v - a scroll of noise {unknown}
 w - a scroll of magic mapping {unknown}
 z - a scroll of amnesia
 A - a scroll of vulnerability {unknown}
 B - a scroll of teleportation {unknown}
Potions
 e - 2 potions of ambrosia {unknown}
 h - a potion of curing {unknown}
 j - 2 potions of degeneration {unknown}
 m - a potion of invisibility {unknown}


   Skills:
 + Level 5.6 Fighting
 + Level 8.7(9.0) Axes
 + Level 2.6(5.3) Maces & Flails
 + Level 5.8 Armour
 + Level 2.0 Dodging
 + Level 0.5 Stealth
 + Level 4.5 Shields
 + Level 1.2 Spellcasting
 + Level 1.8 Summonings
 + Level 1.3 Evocations


You had 5 spell levels left.
You knew the following spells:

 Your Spells              Type           Power      Damage    Failure   Level
a - Summon Guardian Gole  Hex/Summ       1%         N/A       100%        3
b - Summon Small Mammal   Summ           12%        N/A       88%         1

Your spell library contained the following spells:

 Spells                   Type           Power      Damage    Failure   Level
 Beastly Appendage        Tmut           0%         N/A       99%         1
 Slow                     Hex            0%         N/A       99%         1
 Ensorcelled Hibernation  Hex/Ice        0%         N/A       99%         2
 Passwall                 Tmut/Erth      0%         N/A       99%         2
 Wereblood                Tmut           0%         N/A       99%         2
 Call Canine Familiar     Summ           3%         N/A       99%         3
 Confusing Touch          Hex            0%         N/A       100%        3
 Spider Form              Tmut/Pois      0%         N/A       100%        3
 Swiftness                Air            0%         N/A       100%        3
 Vampiric Draining        Necr           0%         2d6       100%        3
 Animate Armour           Summ/Erth      2%         N/A       100%        4
 Blade Hands              Tmut           0%         N/A       100%        5
 Iron Shot                Conj/Erth      0%         9d1       100%        6


Dungeon Overview and Level Annotations

Branches:
Dungeon (7/15)             Temple (0/1) D:6

Altars:
Elyvilon

Shops:
D:1 =


Innate Abilities, Weirdness & Mutations

You are frail. (-10% HP)


Message History

You closely miss the killer bee.
The killer bee is lightly wounded.
The killer bee barely misses you. You block the killer bee's attack.
The killer bee stings you but does no damage.
You closely miss the killer bee.
The killer bee is lightly wounded.
The killer bee stings you but does no damage.
The killer bee stings you. x2
You barely miss the killer bee.
The killer bee is lightly wounded.
The killer bee stings you but does no damage.
The killer bee barely misses you.
You miss the killer bee.
The killer bee is lightly wounded.
The killer bee stings you but does no damage. x2
The killer bee closely misses you.
You barely miss the killer bee.
The killer bee is lightly wounded.
You block the killer bee's attack.
The killer bee stings you but does no damage.
You bludgeon the killer bee!!
You kill the killer bee!
The killer bee stings you.
You are poisoned.
The killer bee poisons you!
You barely miss the killer bee.
You feel very sick. The killer bee barely misses you.
You block the killer bee's attack. The killer bee closely misses you.
You miss the killer bee.
You feel sick.
The killer bee stings you but does no damage. x3
You hit the killer bee but do no damage.
You feel sick. The killer bee stings you.
* * * LOW HITPOINT WARNING * * *
You are lethally poisoned!
The killer bee poisons you! The killer bee stings you.
* * * LOW HITPOINT WARNING * * *
* * * LOW HITPOINT WARNING * * *
You feel sick. The killer bee stings you.
You die...

#.#.#
#.#.#
#.#.#
#.#.#
#.#
#.#
#.#
#.#
#@#
#y#
#y#
#y#
#.#


.yZ ... ... #.... You could see 4 killer bees and a wyvern zombie.

Vanquished Creatures
  Eustachio (D:5)
  2 water moccasins (D:6)
  A black bear (D:5)
  2 necrophages
  An ogre (D:4)
  A kobold brigand (D:6)
  2 killer bees (D:7)
  A howler monkey (D:5)
  A jelly (D:6)
  A hound (D:4)
  A bullfrog zombie (D:5)
  A gnoll shaman (D:4)
  3 iguanas
  2 orc wizards
  A hound zombie (D:5)
  2 hound skeletons (D:5)
  5 gnolls (D:4)
  7 adders
  A white imp (D:6)
  3 worms
  A dart slug (D:5)
  12 orcs
  3 ball pythons
  11 endoplasms
  12 giant cockroaches
  6 goblins
  6 hobgoblins
  8 jackals (D:1)
  A quokka (D:3)
  4 bats
  5 frilled lizards
  8 kobolds
  6 rats
122 creatures vanquished.

Vanquished Creatures (others)
  4 fungi (D:3)
4 creatures vanquished.

Grand Total: 126 creatures vanquished

Notes
Turn   | Place    | Note
-------+----------+-------------------------------------------
     0 | D:1      | trentariffic the Hill Orc Fighter began the quest for the
                  | Orb.
     0 | D:1      | Reached XP level 1. HP: 19/19 MP: 1/1
     1 | D:1      | Found a runed translucent door.
   170 | D:1      | Reached skill level 3 in Axes
   355 | D:1      | Reached XP level 2. HP: 24/26 MP: 2/2
   451 | D:1      | Found Busumm's Jewellery Shoppe.
  1053 | D:1      | Reached XP level 3. HP: 20/33 MP: 3/3
  1056 | D:1      | Reached skill level 4 in Axes
  1090 | D:2      | Found a faded altar of an unknown god.
  1303 | D:2      | Reached XP level 4. HP: 38/40 MP: 4/4
  1926 | D:2      | Learned a level 3 spell: Summon Guardian Golem
  2302 | D:3      | Found a white marble altar of Elyvilon.
  2561 | D:3      | Reached skill level 5 in Axes
  3387 | D:4      | Reached XP level 5. HP: 46/46 MP: 5/5
  3396 | D:4      | Noticed an ogre
  3399 | D:4      | Noticed a necrophage
  3407 | D:4      | Killed an ogre
  3411 | D:4      | Killed a necrophage
  3412 | D:4      | Reached skill level 6 in Axes
  3412 | D:4      | Reached XP level 6. HP: 44/53 MP: 6/6
  3645 | D:4      | Reached skill level 1 in Dodging
  4092 | D:4      | Reached skill level 7 in Axes
  4192 | D:5      | Entered Level 5 of the Dungeon
  4198 | D:5      | Reached XP level 7. HP: 60/60 MP: 7/7
  4302 | D:5      | Noticed Eustachio
  4328 | D:5      | Killed Eustachio
  4329 | D:5      | Reached skill level 8 in Axes
  4571 | D:5      | Reached skill level 5 in Fighting
  5036 | D:5      | Reached XP level 8. HP: 62/68 MP: 8/8
  5230 | D:6      | Found a staircase to the Ecumenical Temple.
  5268 | D:6      | Reached skill level 5 in Armour
  5348 | D:6      | Learned a level 1 spell: Summon Small Mammal
  5370 | D:6      | Gained mutation: You are frail. (-10% HP) [mutagenic glow]
  5418 | D:6      | Reached skill level 1 in Maces & Flails
  5897 | D:6      | Reached skill level 1 in Summonings
  5897 | D:6      | Reached skill level 1 in Evocations
  6168 | D:6      | Reached skill level 1 in Spellcasting
  6708 | D:7      | HP: 3/62 [poisoned by a killer bee]
  6708 | D:7      | Slain by a killer bee

Illustrated notes

Levels and vault maps discovered:
D:1:      dpeg_arrival_caged_fury, layout_loops_ring, serial_shops, shop
D:2:      layout_basic, nicolae_ecumenical_pavilion, st_stairs_12
D:3:      layout_loops_ring, elyvilon_altar_1, grunt_ministairs_4
D:4:      layout_rooms
D:5:      layout_loops_corners, uniq_eustachio
D:6:      layout_basic, minmay_temple_entry_drinking_statues, minivault_11,
          serial_bayou_pond_c
D:7:      layout_basic

Skill      XL: |  1  2  3  4  5  6  7  8 |
---------------+-------------------------+-----
Axes           | 3 4 5 6 7 8 |  8.7
Fighting       | 4 5 |  5.6
Armour         | 4 5 |  5.8
Dodging        | 1 2 |  2.0
Shields        | 4 |  4.5
Maces & Flails | 2 |  2.6
Summonings     | 1 |  1.8
Evocations     | 1 |  1.3
Spellcasting   | 1 |  1.2
Stealth        | |  0.5

Action                   |  1- 3 |  4- 6 |  7- 9 || total
-------------------------+-------+-------+-------++-------
Melee: War axe           |    72 |   141 |    52 ||   265
       Morningstar       |       |       |    76 ||    76
Evoke: Wand              |       |     5 |    11 ||    16
  Use: Scroll            |     4 |       |       ||     4
       Potion            |     2 |     1 |       ||     3
Armor: Scale mail        |    72 |       |       ||    72
       Chain mail        |       |    78 |    76 ||   154
Dodge: Dodged            |    62 |    49 |    47 ||   158
Block: Buckler           |    31 |    29 |    25 ||    85
